Bears vs Crunch

Created - Thursday, January 29, 2015 at 00:21

Goals
1 2 3 OT1 SO T
Bears 0 1 0 0 0 1
Crunch 0 0 1 0 1 2
Shots
1 2 3 OT1 SO T
Bears 3 17 7 0 3 27
Crunch 6 6 9 1 3 22

1st period

No Goal

Penalties :
Patrice Cormier (Her) for Slashing (Minor) at 12:09, Brad Mills (Her) for Hooking (Minor) at 14:36

2nd period

1. Bears , Eric O'Dell 5 (Tyler Shattock) at 2:06

Penalties :
Brodie Reid (SYR) for Slashing (Minor) at 13:50, Karl Stollery (SYR) for Slashing (Minor) at 18:48

3rd period

2. Crunch , Travis Oleksuk 5 (Stanislav Galiev, Anton Zlobin) at 13:19

Penalties :
Chad Billins (SYR) for Tripping (Minor) at 3:40, Phillip Danault (SYR) for High sticking (Minor) at 18:57

Overtime #1

No Goal

Penalties :
No Penalty

Shootout

Penalty Shot by Stefan Matteau for Bears - Stopped by John Curry
Penalty Shot by Andre Petersson for Crunch - Shot Misses the Net
Penalty Shot by Eric O'Dell for Bears - Shot Misses the Net
Penalty Shot by Ryan Strome for Crunch - Stopped by John Gibson
Penalty Shot by Patrice Cormier for Bears - Shot Misses the Net
Penalty Shot by Eriah Hayes for Crunch - Goal!

Penalties :
No Penalty

Goalie Stats

John Gibson (Her), 21 saves from 22 shots - (0.955), OTL, 13-3-10, 65:00 minutes
John Curry (SYR), 26 saves from 27 shots - (0.963), W, 17-12-3, 65:00 minutes

Players Stats for Bears

Player Name              G  A  P  +/- PIM S  H  SB GA TA FO     MP     PP MP  PK MP  
------------------------------------------------------------------------------------
Ben Youds                0  0  0  -1  0   0  0  2  0  3  0/0    23:21   1:55   2:54 
Brad Mills               0  0  0   0  2   3  0  0  1  0  0/0    18:25   3:14   0:00 
Brandon Burlon           0  0  0   0  0   1  1  0  0  2  0/0    27:17   5:04   1:04 
David Dziurzynski        0  0  0   0  0   3  2  2  0  1  0/1    17:50   3:14   0:00 
David McIntyre           0  0  0  -1  0   1  0  0  3  0  1/2    10:52   0:00   0:00 
Eric O'Dell              1  0  1   0  0   7  0  2  3  2  5/14   20:28   3:45   1:28 
Farm Player21            0  0  0   1  0   0  0  0  0  0  0/1    17:16   0:00   2:07 
Guy Leboeuf              0  0  0  -1  0   1  0  0  2  2  0/0    23:10   1:55   2:54 
Harry Young              0  0  0   1  0   2  1  2  0  1  0/0    14:33   0:00   0:00 
Kevin Henderson          0  0  0   0  0   2  4  1  1  1  0/0    16:53   0:11   0:00 
Mark Cundari             0  0  0   0  0   1  3  0  0  2  0/0    27:17   5:04   1:04 
Maxime Macenauer         0  0  0   0  0   1  1  0  3  0  3/4    16:07   0:00   1:00 
Patrice Cormier          0  0  0   0  2   0  1  1  0  1  4/12   19:19   3:14   0:23 
Sebastian Stalberg       0  0  0   0  0   1  4  0  0  0  0/0    14:00   0:00   0:00 
Shawn O'Donnell          0  0  0   0  0   0  0  0  0  0  0/0     0:00   0:00   0:00 
Stefan Matteau           0  0  0   1  0   0  1  0  1  3  3/3    23:21   3:34   1:18 
Tyler Brown              0  0  0  -1  0   0  0  0  1  1  1/2    10:20   0:00   1:40 
Tyler Shattock           0  1  1   1  0   4  2  0  2  0  0/0    15:31   3:45   0:00 

Players Stats for Crunch

Player Name              G  A  P  +/- PIM S  H  SB GA TA FO     MP     PP MP  PK MP  
------------------------------------------------------------------------------------
Andre Petersson          0  0  0  -1  0   0  0  0  1  0  1/1    15:48   2:22   0:00 
Anton Zlobin             0  1  1   1  0   0  2  0  0  0  0/0    10:29   0:00   0:00 
Brett Skinner            0  0  0   0  0   1  0  0  0  1  0/0    20:00   0:00   5:14 
Brodie Reid              0  0  0   0  2   1  0  0  1  1  0/1    11:24   0:07   0:00 
Chad Billins             0  0  0   0  2   1  3  2  2  2  0/0    23:09   2:08   2:13 
Corban Knight            0  0  0   0  0   2  1  0  0  0  5/7    15:47   1:36   0:00 
Danny Syvret             0  0  0   0  0   0  1  2  0  0  0/0    23:39   2:08   2:42 
Eriah Hayes              0  0  0   0  0   0  1  0  2  1  0/0    15:22   1:36   0:00 
Jordin Tootoo            0  0  0   0  0   3  1  0  5  0  0/0    16:34   1:36   0:00 
Karl Stollery            0  0  0   0  2   0  1  1  0  0  0/0    21:28   1:50   0:00 
Matt Lindblad            0  0  0   0  0   0  0  0  2  1  0/0    16:10   0:00   3:28 
Nick Jensen              0  0  0   0  0   2  1  1  0  0  0/0    20:40   0:00   5:43 
Phillip Danault          0  0  0   0  2   3  2  0  2  0  5/8    16:15   0:00   3:17 
Ryan Strome              0  0  0  -1  0   2  2  0  2  0  5/12   17:41   2:22   0:00 
Stanislav Galiev         0  1  1   1  0   2  0  1  6  1  0/0    14:08   0:00   3:31 
Taylor Pyatt             0  0  0  -1  0   2  1  1  2  1  0/0    17:42   2:15   0:53 
Travis Oleksuk           1  0  1   1  0   2  0  1  1  0  6/10   14:23   0:00   3:46 
Zach Trotman             0  0  0   0  0   1  1  0  0  3  0/0    21:21   1:50   0:00 

3 Stars

1 - John Curry (SYR)
2 - John Gibson (Her)
3 - Travis Oleksuk (SYR)

Power Play

Bears - 0 on 4 Attempt(s) - 0.00%
Crunch - 0 on 2 Attempt(s) - 0.00%

Penalty Kill

Bears - 2 on 2 Attempt(s) - 100.00% - Score 0 goal in Penalty Kill
Crunch - 4 on 4 Attempt(s) - 100.00% - Score 0 goal in Penalty Kill

Team Stat

Bears - Hits : 20 - Faceoff Wins : 17 - Blocked Shots : 10 - Penalty Minutes : 4
Crunch - Hits : 17 - Faceoff Wins : 22 - Blocked Shots : 9 - Penalty Minutes : 8

Official

Referees : Unknown
Linesman : Unknown

Game Notes

No Game Note

Finance

Level 1 -- Attendance: 1607 (80.35%) -- Ticket Income $40,175
Level 2 -- Attendance: 706 (70.60%) -- Ticket Income $7,060
Total Attendance: 2313 (77.10%)
Total Ticket Income: $47,235
Other Income: $23,145
Total Income: $70,380

Bears

5 vs 5 Forward 
   Center                   Left Wing                Right Wing               Time % Phy DF OF 
 1 Eric O'Dell              Stefan Matteau           Tyler Shattock           35     1   2  2  
 2 Patrice Cormier          David Dziurzynski        Brad Mills               30     1   2  2  
 3 Maxime Macenauer         Kevin Henderson          Sebastian Stalberg       22     1   2  2  
 4 David McIntyre           Tyler Brown              Stefan Matteau           13     1   2  2  

5 vs 5 Defense 
   Defense                  Defense                                           Time % Phy DF OF 
 1 Mark Cundari             Brandon Burlon                                    35     1   2  2  
 2 Ben Youds                Guy Leboeuf                                       30     1   2  2  
 3 Harry Young              Farm Player21                                     22     1   2  2  
 4 Mark Cundari             Brandon Burlon                                    13     1   2  2  

PowerPlay Forward 
   Center                   Left Wing                Right Wing               Time % Phy DF OF 
 1 Eric O'Dell              Stefan Matteau           Tyler Shattock           60     1   2  2  
 2 Patrice Cormier          David Dziurzynski        Brad Mills               40     1   2  2  

PowerPlay Defense
   Defense                  Defense                                           Time % Phy DF OF 
 1 Mark Cundari             Brandon Burlon                                    60     1   2  2  
 2 Ben Youds                Guy Leboeuf                                       40     1   2  2  

Penalty Kill 4 Players Forward 
   Center                   Wing                     Time % Phy DF OF 
 1 Stefan Matteau           Eric O'Dell              60     1   2  2  
 2 Patrice Cormier          Maxime Macenauer         40     1   2  2  

Penalty Kill 4 Players Defense
   Defense                  Defense                  Time % Phy DF OF 
 1 Mark Cundari             Brandon Burlon           60     1   2  2  
 2 Ben Youds                Guy Leboeuf              40     1   2  2  

Penalty Kill - 3 Players Forward 
   Forward                                           Time % Phy DF OF 
 1 Stefan Matteau                                    60     1   2  2  
 2 Eric O'Dell                                       40     1   2  2  

Penalty Kill - 3 Players Defense
   Defense                  Defense                  Time % Phy DF OF 
 1 Mark Cundari             Brandon Burlon           60     1   2  2  
 2 Ben Youds                Guy Leboeuf              40     1   2  2  

4 vs 4 Forward 
   Center                   Wing                     Time % Phy DF OF 
 1 Stefan Matteau           Eric O'Dell              60     1   2  2  
 2 Patrice Cormier          Maxime Macenauer         40     1   2  2  

4 vs 4 Defense
   Defense                  Defense                  Time % Phy DF OF 
 1 Mark Cundari             Brandon Burlon           60     1   2  2  
 2 Ben Youds                Guy Leboeuf              40     1   2  2  

Last Minutes Offensive
   Center                   Left Wing                Right Wing               Defense                  Defense                  
   Eric O'Dell              Stefan Matteau           Tyler Shattock           Mark Cundari             Brandon Burlon           

Last Minutes Defensive
   Center                   Left Wing                Right Wing               Defense                  Defense                  
   Eric O'Dell              Stefan Matteau           Tyler Shattock           Mark Cundari             Brandon Burlon           

Goaltenders
Starting : John Gibson              
Backup : John Muse                

Extra Forwards
Normal : Kevin Henderson, David McIntyre, Tyler Brown - PP : Kevin Henderson, David McIntyre - PK : Tyler Brown
Extra Defensemen
Normal : Harry Young, Farm Player21, Ben Youds - PP : Harry Young - PK : Farm Player21, Ben Youds
Penalty Shots
Stefan Matteau, Eric O'Dell, Patrice Cormier, Maxime Macenauer, David Dziurzynski

Crunch

5 vs 5 Forward 
   Center                   Left Wing                Right Wing               Time % Phy DF OF 
 1 Ryan Strome              Andre Petersson          Taylor Pyatt             35     1   2  2  
 2 Corban Knight            Jordin Tootoo            Eriah Hayes              35     1   2  2  
 3 Travis Oleksuk           Stanislav Galiev         Anton Zlobin             15     1   2  2  
 4 Phillip Danault          Matt Lindblad            Brodie Reid              15     1   2  2  

5 vs 5 Defense 
   Defense                  Defense                                           Time % Phy DF OF 
 1 Danny Syvret             Chad Billins                                      34     1   2  2  
 2 Zach Trotman             Karl Stollery                                     33     1   2  2  
 3 Nick Jensen              Brett Skinner                                     33     1   2  2  
 4 Danny Syvret             Chad Billins                                      0      0   5  0  

PowerPlay Forward 
   Center                   Left Wing                Right Wing               Time % Phy DF OF 
 1 Ryan Strome              Andre Petersson          Taylor Pyatt             60     0   1  4  
 2 Corban Knight            Jordin Tootoo            Eriah Hayes              40     0   2  3  

PowerPlay Defense
   Defense                  Defense                                           Time % Phy DF OF 
 1 Danny Syvret             Chad Billins                                      60     0   2  3  
 2 Zach Trotman             Karl Stollery                                     40     0   2  3  

Penalty Kill 4 Players Forward 
   Center                   Wing                     Time % Phy DF OF 
 1 Travis Oleksuk           Stanislav Galiev         50     1   4  0  
 2 Phillip Danault          Matt Lindblad            50     1   4  0  

Penalty Kill 4 Players Defense
   Defense                  Defense                  Time % Phy DF OF 
 1 Nick Jensen              Brett Skinner            50     1   4  0  
 2 Danny Syvret             Chad Billins             50     1   4  0  

Penalty Kill - 3 Players Forward 
   Forward                                           Time % Phy DF OF 
 1 Travis Oleksuk                                    50     1   4  0  
 2 Phillip Danault                                   50     1   4  0  

Penalty Kill - 3 Players Defense
   Defense                  Defense                  Time % Phy DF OF 
 1 Nick Jensen              Brett Skinner            50     1   4  0  
 2 Danny Syvret             Chad Billins             50     1   4  0  

4 vs 4 Forward 
   Center                   Wing                     Time % Phy DF OF 
 1 Ryan Strome              Taylor Pyatt             60     0   1  4  
 2 Corban Knight            Jordin Tootoo            40     1   2  2  

4 vs 4 Defense
   Defense                  Defense                  Time % Phy DF OF 
 1 Danny Syvret             Chad Billins             50     1   2  2  
 2 Zach Trotman             Karl Stollery            50     1   2  2  

Last Minutes Offensive
   Center                   Left Wing                Right Wing               Defense                  Defense                  
   Ryan Strome              Andre Petersson          Taylor Pyatt             Danny Syvret             Chad Billins             

Last Minutes Defensive
   Center                   Left Wing                Right Wing               Defense                  Defense                  
   Corban Knight            Andre Petersson          Taylor Pyatt             Danny Syvret             Chad Billins             

Goaltenders
Starting : John Curry               
Backup : Richard Bachman          

Extra Forwards
Normal : Taylor Pyatt, Ryan Strome, Jordin Tootoo - PP : Taylor Pyatt, Ryan Strome - PK : Taylor Pyatt
Extra Defensemen
Normal : Danny Syvret, Chad Billins, Karl Stollery - PP : Danny Syvret - PK : Danny Syvret, Chad Billins
Penalty Shots
Andre Petersson, Ryan Strome, Eriah Hayes, Jordin Tootoo, Taylor Pyatt

% Time on Ice - Bears

Lines # - Real PCT - Wanted PCT - Time Play
Normal Forward
1 - 24% - 35% - 11:46
2 - 31% - 30% - 15:18
3 - 29% - 22% - 14:00
4 - 16% - 13% - 7:59
Normal Defense
1 - 32% - 35% - 15:35
2 - 33% - 30% - 16:20
3 - 30% - 22% - 14:33
4 - 5% - 13% - 2:35
PP Forward
1 - 54% - 60% - 3:45
2 - 46% - 40% - 3:14
PP Defense
1 - 73% - 60% - 5:04
2 - 27% - 40% - 1:55
PK Forward
1 - 75% - 60% - 2:58
2 - 25% - 40% - 1:00
PK Defense
1 - 27% - 60% - 1:04
2 - 73% - 40% - 2:54
PK3 Forward
1 - 0% - 60%
2 - 0% - 40%
PK3 Defense
1 - 0% - 60%
2 - 0% - 40%
44 Forward
1 - 92% - 60% - 4:35
2 - 8% - 40% - 0:25
44 Defense
1 - 60% - 60% - 2:59
2 - 40% - 40% - 2:01
Last Minute Offensive  - 0:00
Last Minute Defensive  - 0:00
Total
Forward - 65:00
Defense - 65:00

% Time on Ice - Crunch

Lines # - Real PCT - Wanted PCT - Time Play
Normal Forward
1 - 28% - 35% - 13:34
2 - 29% - 35% - 13:59
3 - 21% - 15% - 10:29
4 - 22% - 15% - 11:01
Normal Defense
1 - 30% - 34% - 14:55
2 - 37% - 33% - 18:23
3 - 30% - 33% - 14:32
4 - 2% - 0% - 1:13
PP Forward
1 - 60% - 60% - 2:22
2 - 40% - 40% - 1:36
PP Defense
1 - 54% - 60% - 2:08
2 - 46% - 40% - 1:50
PK Forward
1 - 50% - 50% - 3:31
2 - 50% - 50% - 3:28
PK Defense
1 - 61% - 50% - 4:17
2 - 39% - 50% - 2:42
PK3 Forward
1 - 26% - 50% - 0:15
2 - 74% - 50% - 0:42
PK3 Defense
1 - 100% - 50% - 0:57
2 - 0% - 50% - 0:00
44 Forward
1 - 92% - 60% - 3:44
2 - 8% - 40% - 0:19
44 Defense
1 - 59% - 50% - 2:24
2 - 41% - 50% - 1:39
Last Minute Offensive  - 0:00
Last Minute Defensive  - 0:00
Total
Forward - 65:00
Defense - 65:00

Play by Play

1st period


0:01 of 1st period - Ryan Strome wins face-off versus Eric O'Dell in neutral zone.
0:21 of 1st period - Slapshot by Ryan Strome.
0:21 of 1st period - Deflect By Andre Petersson.
0:21 of 1st period - Shot Blocked by Eric O'Dell.
0:21 of 1st period - Puck is out of play.
0:22 of 1st period - Corban Knight wins face-off versus Patrice Cormier in Bears zone.
0:23 of 1st period - Wrist shot by Jordin Tootoo.
0:23 of 1st period - Stopped by John Gibson without a rebound.
0:24 of 1st period - Corban Knight wins face-off versus Patrice Cormier in Bears zone.
4:38 of 1st period - Ben Youds is hit by Zach Trotman and loses puck.
4:47 of 1st period - Zach Trotman is hit by Kevin Henderson and loses puck.
4:52 of 1st period - Slapshot by Maxime Macenauer.
4:52 of 1st period - Shot Blocked by Karl Stollery.
5:12 of 1st period - Snap shot by Eric O'Dell.
5:12 of 1st period - Deflect By Tyler Shattock.
5:12 of 1st period - Shot Misses the Net.
5:12 of 1st period - Puck is out of play.
5:13 of 1st period - Phillip Danault wins face-off versus Eric O'Dell in Crunch zone.
5:19 of 1st period - Off-side.
5:20 of 1st period - Phillip Danault wins face-off versus Eric O'Dell in neutral zone.
7:01 of 1st period - Slapshot by Travis Oleksuk.
7:01 of 1st period - Shot Misses the Net.
7:25 of 1st period - Eric O'Dell is hit by Chad Billins and loses puck.
7:53 of 1st period - Snap shot by Brandon Burlon.
7:53 of 1st period - Shot Blocked by Chad Billins.
7:55 of 1st period - Snap shot by Brandon Burlon.
7:55 of 1st period - Shot Misses the Net.
7:57 of 1st period - Snap shot by David McIntyre.
7:57 of 1st period - Deflect By Andre Petersson.
7:57 of 1st period - Stopped by John Curry with a rebound.
8:03 of 1st period - Ben Youds is hit by Taylor Pyatt.
8:56 of 1st period - Snap shot by Eriah Hayes.
8:56 of 1st period - Shot Blocked by Ben Youds.
8:58 of 1st period - Slapshot by Zach Trotman.
8:58 of 1st period - Stopped by John Gibson with a rebound.
9:43 of 1st period - Nick Jensen is hit by Patrice Cormier and loses puck.
10:23 of 1st period - Snap shot by Stanislav Galiev.
10:23 of 1st period - Shot Misses the Net.
10:25 of 1st period - Slapshot by Brett Skinner.
10:25 of 1st period - Shot Misses the Net.
10:27 of 1st period - Wrist shot by Nick Jensen.
10:27 of 1st period - Stopped by John Gibson with a rebound.
11:31 of 1st period - Wrist shot by Maxime Macenauer.
11:31 of 1st period - Stopped by John Curry with a rebound.
11:33 of 1st period - Wrist shot by Sebastian Stalberg.
11:33 of 1st period - Shot Misses the Net.
11:35 of 1st period - Snap shot by Kevin Henderson.
11:35 of 1st period - Stopped by John Curry with a rebound.
12:09 of 1st period - Minor Penalty to Patrice Cormier for Slashing.
12:10 of 1st period - Tyler Brown wins face-off versus Ryan Strome in Bears zone.
12:19 of 1st period - Wrist shot by Taylor Pyatt.
12:19 of 1st period - Deflect By Ben Youds.
12:19 of 1st period - Shot Blocked by Ben Youds.
12:19 of 1st period - Puck is out of play.
12:20 of 1st period - Andre Petersson wins face-off versus Tyler Brown in Bears zone.
13:05 of 1st period - Guy Leboeuf is hit by Ryan Strome.
13:17 of 1st period - Stefan Matteau is hit by Chad Billins and loses puck.
13:51 of 1st period - Off-side.
13:52 of 1st period - Ryan Strome wins face-off versus Farm Player21 in neutral zone.
13:55 of 1st period - Snap shot by Taylor Pyatt.
13:55 of 1st period - Stopped by John Gibson with a rebound.
14:09 of 1st period - Penalty to Patrice Cormier is over, Patrice Cormier is back on ice.
14:36 of 1st period - Minor Penalty to Brad Mills for Hooking.
14:37 of 1st period - Stefan Matteau wins face-off versus Ryan Strome in Bears zone.
14:53 of 1st period - Snap shot by Taylor Pyatt.
14:53 of 1st period - Stopped by John Gibson without a rebound.
14:54 of 1st period - Eric O'Dell wins face-off versus Ryan Strome in Bears zone.
16:36 of 1st period - Penalty to Brad Mills is over, Brad Mills is back on ice.
17:55 of 1st period - Snap shot by Patrice Cormier.
17:55 of 1st period - Shot Hit the Post.
18:22 of 1st period - Wrist shot by Stanislav Galiev.
18:22 of 1st period - Stopped by John Gibson with a rebound.
18:24 of 1st period - Slapshot by Stanislav Galiev.
18:24 of 1st period - Shot Misses the Net.
Goals for this period are 0 for Bears vs 0 for Crunch.
Shots for this period are 3 for Bears vs 6 for Crunch.

2nd period


0:01 of 2nd period - Eric O'Dell wins face-off versus Ryan Strome in neutral zone.
0:19 of 2nd period - Slapshot by Eric O'Dell.
0:19 of 2nd period - Shot Misses the Net.
1:20 of 2nd period - Slapshot by Jordin Tootoo.
1:20 of 2nd period - Stopped by John Gibson without a rebound.
1:21 of 2nd period - Patrice Cormier wins face-off versus Phillip Danault in Bears zone.
1:36 of 2nd period - Snap shot by David Dziurzynski.
1:36 of 2nd period - Stopped by John Curry without a rebound.
1:37 of 2nd period - Phillip Danault wins face-off versus Patrice Cormier in Crunch zone.
1:52 of 2nd period - Snap shot by Brad Mills.
1:52 of 2nd period - Shot Misses the Net.
2:00 of 2nd period - Backhand shot by David Dziurzynski.
2:00 of 2nd period - Shot Misses the Net.
2:02 of 2nd period - Wrist shot by Brad Mills.
2:02 of 2nd period - Stopped by John Curry without a rebound.
2:03 of 2nd period - Eric O'Dell wins face-off versus Ryan Strome in Crunch zone.
2:04 of 2nd period - Snap shot by Tyler Shattock.
2:04 of 2nd period - Shot Blocked by Taylor Pyatt.
2:06 of 2nd period - Snap shot by Eric O'Dell.
2:06 of 2nd period - Goal by Eric O'Dell - Bears : 1 - Crunch : 0.
2:07 of 2nd period - Ryan Strome wins face-off versus Eric O'Dell in neutral zone.
2:44 of 2nd period - Wrist shot by Eric O'Dell.
2:44 of 2nd period - Stopped by John Curry with a rebound.
3:04 of 2nd period - Brett Skinner is hit by David Dziurzynski and loses puck.
3:17 of 2nd period - Wrist shot by Jordin Tootoo.
3:17 of 2nd period - Stopped by John Gibson with a rebound.
3:44 of 2nd period - Wrist shot by Maxime Macenauer.
3:44 of 2nd period - Shot Blocked by Travis Oleksuk.
4:08 of 2nd period - Maxime Macenauer is hit by Anton Zlobin and loses puck.
5:55 of 2nd period - Icing by David Dziurzynski.
5:56 of 2nd period - Corban Knight wins face-off versus Patrice Cormier in Bears zone.
6:05 of 2nd period - Wrist shot by Jordin Tootoo.
6:05 of 2nd period - Shot Misses the Net.
6:07 of 2nd period - Wrist shot by Corban Knight.
6:07 of 2nd period - Stopped by John Gibson with a rebound.
6:09 of 2nd period - Snap shot by Jordin Tootoo.
6:09 of 2nd period - Shot Blocked by David Dziurzynski.
6:29 of 2nd period - Off-side.
6:30 of 2nd period - Maxime Macenauer wins face-off versus Travis Oleksuk in neutral zone.
6:51 of 2nd period - Danny Syvret is hit by Maxime Macenauer.
6:57 of 2nd period - Snap shot by Sebastian Stalberg.
6:57 of 2nd period - Shot Misses the Net.
7:27 of 2nd period - Tyler Shattock is hit by Chad Billins and loses puck.
7:36 of 2nd period - Snap shot by Ryan Strome.
7:36 of 2nd period - Shot Blocked by Harry Young.
8:06 of 2nd period - Slapshot by Phillip Danault.
8:06 of 2nd period - Stopped by John Gibson with a rebound.
8:08 of 2nd period - Snap shot by Brodie Reid.
8:08 of 2nd period - Stopped by John Gibson with a rebound.
8:26 of 2nd period - Brandon Burlon is hit by Nick Jensen and loses puck.
8:41 of 2nd period - Snap shot by Eriah Hayes.
8:41 of 2nd period - Shot Blocked by Patrice Cormier.
9:15 of 2nd period - Karl Stollery is hit by Kevin Henderson and loses puck.
9:34 of 2nd period - Snap shot by Eric O'Dell.
9:34 of 2nd period - Stopped by John Curry without a rebound.
9:35 of 2nd period - Eric O'Dell wins face-off versus Ryan Strome in Crunch zone.
9:36 of 2nd period - Wrist shot by David McIntyre.
9:36 of 2nd period - Shot Misses the Net.
9:38 of 2nd period - Slapshot by Brandon Burlon.
9:38 of 2nd period - Shot Misses the Net.
9:40 of 2nd period - Wrist shot by Tyler Shattock.
9:40 of 2nd period - Stopped by John Curry with a rebound.
9:48 of 2nd period - Snap shot by David McIntyre.
9:48 of 2nd period - Shot Blocked by Chad Billins.
9:50 of 2nd period - Slapshot by Tyler Shattock.
9:50 of 2nd period - Stopped by John Curry with a rebound.
9:56 of 2nd period - Snap shot by Tyler Shattock.
9:56 of 2nd period - Shot Misses the Net.
10:18 of 2nd period - Taylor Pyatt is hit by Harry Young and loses puck.
10:45 of 2nd period - Slapshot by Kevin Henderson.
10:45 of 2nd period - Shot Misses the Net.
11:09 of 2nd period - Wrist shot by David McIntyre.
11:09 of 2nd period - Shot Misses the Net.
11:11 of 2nd period - Slapshot by Brandon Burlon.
11:11 of 2nd period - Stopped by John Curry with a rebound.
11:21 of 2nd period - Wrist shot by Stanislav Galiev.
11:21 of 2nd period - Shot Misses the Net.
11:31 of 2nd period - Snap shot by David Dziurzynski.
11:31 of 2nd period - Stopped by John Curry without a rebound.
11:32 of 2nd period - Phillip Danault wins face-off versus David Dziurzynski in Crunch zone.
11:52 of 2nd period - Wrist shot by Matt Lindblad.
11:52 of 2nd period - Deflect By Brodie Reid.
11:52 of 2nd period - Shot Misses the Net.
11:52 of 2nd period - Puck is out of play.
11:53 of 2nd period - Corban Knight wins face-off versus Maxime Macenauer in Bears zone.
12:14 of 2nd period - Snap shot by Eriah Hayes.
12:14 of 2nd period - Shot Misses the Net.
12:16 of 2nd period - Slapshot by Nick Jensen.
12:16 of 2nd period - Shot Hit the Post.
12:18 of 2nd period - Snap shot by Brett Skinner.
12:18 of 2nd period - Deflect By Corban Knight.
12:18 of 2nd period - Stopped by John Gibson without a rebound.
12:19 of 2nd period - Travis Oleksuk wins face-off versus Eric O'Dell in Bears zone.
13:06 of 2nd period - Zach Trotman is hit by Sebastian Stalberg and loses puck.
13:29 of 2nd period - Harry Young is hit by Phillip Danault and loses puck.
13:50 of 2nd period - Minor Penalty to Brodie Reid for Slashing.
13:51 of 2nd period - Travis Oleksuk wins face-off versus Eric O'Dell in Crunch zone.
13:51 of 2nd period - Travis Oleksuk is hit by Brandon Burlon.
14:19 of 2nd period - Snap shot by Tyler Shattock.
14:19 of 2nd period - Stopped by John Curry with a rebound.
15:12 of 2nd period - Wrist shot by Eric O'Dell.
15:12 of 2nd period - Stopped by John Curry without a rebound.
15:13 of 2nd period - Travis Oleksuk wins face-off versus Eric O'Dell in Crunch zone.
15:50 of 2nd period - Penalty to Brodie Reid is over, Brodie Reid is back on ice.
16:06 of 2nd period - Snap shot by Sebastian Stalberg.
16:06 of 2nd period - Deflect By Kevin Henderson.
16:06 of 2nd period - Shot Misses the Net.
16:06 of 2nd period - Puck is out of play.
16:07 of 2nd period - Maxime Macenauer wins face-off versus Ryan Strome in Crunch zone.
16:30 of 2nd period - Snap shot by Ryan Strome.
16:30 of 2nd period - Shot Misses the Net.
18:01 of 2nd period - Slapshot by Brad Mills.
18:01 of 2nd period - Stopped by John Curry with a rebound.
18:03 of 2nd period - Snap shot by David Dziurzynski.
18:03 of 2nd period - Shot Misses the Net.
18:05 of 2nd period - Slapshot by Mark Cundari.
18:05 of 2nd period - Stopped by John Curry with a rebound.
18:21 of 2nd period - Slapshot by Sebastian Stalberg.
18:21 of 2nd period - Shot Misses the Net.
18:23 of 2nd period - Slapshot by Brandon Burlon.
18:23 of 2nd period - Shot Blocked by Danny Syvret.
18:25 of 2nd period - Slapshot by Kevin Henderson.
18:25 of 2nd period - Stopped by John Curry with a rebound.
18:27 of 2nd period - Slapshot by Harry Young.
18:27 of 2nd period - Shot Misses the Net.
18:29 of 2nd period - Backhand shot by Maxime Macenauer.
18:29 of 2nd period - Shot Blocked by Danny Syvret.
18:31 of 2nd period - Slapshot by Maxime Macenauer.
18:31 of 2nd period - Shot Misses the Net.
18:41 of 2nd period - Wrist shot by Tyler Shattock.
18:41 of 2nd period - Deflect By Eric O'Dell.
18:41 of 2nd period - Stopped by John Curry with a rebound.
18:43 of 2nd period - Slapshot by Harry Young.
18:43 of 2nd period - Stopped by John Curry without a rebound.
18:44 of 2nd period - David McIntyre wins face-off versus Brodie Reid in Crunch zone.
18:48 of 2nd period - Minor Penalty to Karl Stollery for Slashing.
18:49 of 2nd period - Patrice Cormier wins face-off versus Phillip Danault in Crunch zone.
18:51 of 2nd period - Wrist shot by David Dziurzynski.
18:51 of 2nd period - Shot Misses the Net.
18:53 of 2nd period - Backhand shot by David Dziurzynski.
18:53 of 2nd period - Deflect By Matt Lindblad.
18:53 of 2nd period - Stopped by John Curry with a rebound.
19:41 of 2nd period - Travis Oleksuk is hit by Tyler Shattock and loses puck.
Goals for this period are 1 for Bears vs 0 for Crunch.
Shots for this period are 17 for Bears vs 6 for Crunch.

3rd period


0:01 of 3rd period - Travis Oleksuk wins face-off versus Eric O'Dell in neutral zone.
0:04 of 3rd period - Danny Syvret is hit by Mark Cundari and loses puck.
0:48 of 3rd period - Penalty to Karl Stollery is over, Karl Stollery is back on ice.
0:55 of 3rd period - Off-side.
0:56 of 3rd period - Corban Knight wins face-off versus Patrice Cormier in neutral zone.
1:52 of 3rd period - Snap shot by Ryan Strome.
1:52 of 3rd period - Stopped by John Gibson with a rebound.
1:58 of 3rd period - Taylor Pyatt is hit by Sebastian Stalberg and loses puck.
2:09 of 3rd period - Wrist shot by Taylor Pyatt.
2:09 of 3rd period - Shot Misses the Net.
2:59 of 3rd period - Tyler Shattock is hit by Karl Stollery and loses puck.
3:06 of 3rd period - Slapshot by Eric O'Dell.
3:06 of 3rd period - Deflect By Zach Trotman.
3:06 of 3rd period - Shot Misses the Net.
3:06 of 3rd period - Puck is out of play.
3:07 of 3rd period - Stefan Matteau wins face-off versus Travis Oleksuk in Crunch zone.
3:40 of 3rd period - Minor Penalty to Chad Billins for Tripping.
3:41 of 3rd period - Patrice Cormier wins face-off versus Phillip Danault in Crunch zone.
4:05 of 3rd period - Snap shot by Brad Mills.
4:05 of 3rd period - Shot Blocked by Stanislav Galiev.
4:07 of 3rd period - Backhand shot by Ben Youds.
4:07 of 3rd period - Shot Blocked by Nick Jensen.
5:10 of 3rd period - Backhand shot by Brad Mills.
5:10 of 3rd period - Stopped by John Curry without a rebound.
5:11 of 3rd period - Phillip Danault wins face-off versus Patrice Cormier in Crunch zone.
5:40 of 3rd period - Penalty to Chad Billins is over, Chad Billins is back on ice.
5:50 of 3rd period - Wrist shot by Sebastian Stalberg.
5:50 of 3rd period - Stopped by John Curry without a rebound.
5:51 of 3rd period - Maxime Macenauer wins face-off versus Corban Knight in Crunch zone.
5:57 of 3rd period - Slapshot by Guy Leboeuf.
5:57 of 3rd period - Stopped by John Curry with a rebound.
6:09 of 3rd period - Snap shot by Maxime Macenauer.
6:09 of 3rd period - Deflect By Kevin Henderson.
6:09 of 3rd period - Deflect By Corban Knight.
6:09 of 3rd period - Shot Misses the Net.
6:09 of 3rd period - Puck is out of play.
6:10 of 3rd period - Patrice Cormier wins face-off versus Corban Knight in Crunch zone.
6:15 of 3rd period - Snap shot by David Dziurzynski.
6:15 of 3rd period - Shot Misses the Net.
6:59 of 3rd period - Slapshot by Ryan Strome.
6:59 of 3rd period - Shot Blocked by David Dziurzynski.
7:01 of 3rd period - Snap shot by Chad Billins.
7:01 of 3rd period - Deflect By Ryan Strome.
7:01 of 3rd period - Shot Misses the Net.
7:01 of 3rd period - Puck is out of play.
7:02 of 3rd period - Eric O'Dell wins face-off versus Travis Oleksuk in Bears zone.
7:15 of 3rd period - Snap shot by Eric O'Dell.
7:15 of 3rd period - Stopped by John Curry with a rebound.
7:53 of 3rd period - Wrist shot by Maxime Macenauer.
7:53 of 3rd period - Shot Misses the Net.
8:05 of 3rd period - Kevin Henderson is hit by Ryan Strome.
8:09 of 3rd period - Ryan Strome is hit by Sebastian Stalberg.
9:02 of 3rd period - Jordin Tootoo is hit by Stefan Matteau and loses puck.
10:05 of 3rd period - Snap shot by Phillip Danault.
10:05 of 3rd period - Stopped by John Gibson with a rebound.
10:11 of 3rd period - Snap shot by Phillip Danault.
10:11 of 3rd period - Stopped by John Gibson with a rebound.
10:31 of 3rd period - David Dziurzynski is hit by Anton Zlobin and loses puck.
11:28 of 3rd period - Slapshot by Ryan Strome.
11:28 of 3rd period - Stopped by John Gibson without a rebound.
11:29 of 3rd period - Ryan Strome wins face-off versus Patrice Cormier in Bears zone.
11:38 of 3rd period - Wrist shot by Brad Mills.
11:38 of 3rd period - Shot Misses the Net.
11:58 of 3rd period - Tyler Shattock is hit by Jordin Tootoo and loses puck.
12:07 of 3rd period - Eriah Hayes is hit by Tyler Shattock and loses puck.
12:35 of 3rd period - Snap shot by Brodie Reid.
12:35 of 3rd period - Shot Hit the Post.
12:37 of 3rd period - Slapshot by Danny Syvret.
12:37 of 3rd period - Shot Misses the Net.
12:39 of 3rd period - Slapshot by Matt Lindblad.
12:39 of 3rd period - Shot Misses the Net.
12:43 of 3rd period - Slapshot by Matt Lindblad.
12:43 of 3rd period - Shot Blocked by Kevin Henderson.
13:03 of 3rd period - Snap shot by Matt Lindblad.
13:03 of 3rd period - Deflect By Brodie Reid.
13:03 of 3rd period - Shot Blocked by Eric O'Dell.
13:03 of 3rd period - Puck is out of play.
13:04 of 3rd period - Travis Oleksuk wins face-off versus David McIntyre in Bears zone.
13:13 of 3rd period - Snap shot by Travis Oleksuk.
13:13 of 3rd period - Stopped by John Gibson with a rebound.
13:15 of 3rd period - Wrist shot by Anton Zlobin.
13:15 of 3rd period - Shot Misses the Net.
13:17 of 3rd period - Snap shot by Stanislav Galiev.
13:17 of 3rd period - Stopped by John Gibson with a rebound.
13:19 of 3rd period - Snap shot by Travis Oleksuk.
13:19 of 3rd period - Goal by Travis Oleksuk - Bears : 1 - Crunch : 1.
13:20 of 3rd period - Ryan Strome wins face-off versus Patrice Cormier in neutral zone.
13:23 of 3rd period - Slapshot by Taylor Pyatt.
13:23 of 3rd period - Shot Misses the Net.
13:25 of 3rd period - Slapshot by Brett Skinner.
13:25 of 3rd period - Stopped by John Gibson with a rebound.
13:27 of 3rd period - Wrist shot by Nick Jensen.
13:27 of 3rd period - Stopped by John Gibson with a rebound.
13:29 of 3rd period - Snap shot by Andre Petersson.
13:29 of 3rd period - Shot Blocked by Harry Young.
14:13 of 3rd period - Corban Knight is hit by Kevin Henderson and loses puck.
14:30 of 3rd period - Maxime Macenauer is hit by Eriah Hayes and loses puck.
15:37 of 3rd period - Stefan Matteau is hit by Danny Syvret.
16:17 of 3rd period - Zach Trotman is hit by Sebastian Stalberg and loses puck.
18:24 of 3rd period - Snap shot by Eric O'Dell.
18:24 of 3rd period - Stopped by John Curry with a rebound.
18:26 of 3rd period - Snap shot by Tyler Shattock.
18:26 of 3rd period - Stopped by John Curry with a rebound.
18:28 of 3rd period - Snap shot by Harry Young.
18:28 of 3rd period - Stopped by John Curry with a rebound.
18:57 of 3rd period - Minor Penalty to Phillip Danault for High sticking.
18:58 of 3rd period - Travis Oleksuk wins face-off versus Eric O'Dell in Crunch zone.
19:44 of 3rd period - Danny Syvret is hit by David Dziurzynski and loses puck.
Goals for this period are 0 for Bears vs 1 for Crunch.
Shots for this period are 7 for Bears vs 9 for Crunch.

Overtime #1


0:01 of 1st overtime period - Stefan Matteau wins face-off versus Travis Oleksuk in neutral zone.
0:04 of 1st overtime period - Brett Skinner is hit by Mark Cundari and loses puck.
0:57 of 1st overtime period - Penalty to Phillip Danault is over, Phillip Danault is back on ice.
1:09 of 1st overtime period - Ben Youds is hit by Phillip Danault and loses puck.
1:49 of 1st overtime period - Danny Syvret is hit by Kevin Henderson and loses puck.
3:56 of 1st overtime period - Danny Syvret is hit by Mark Cundari and loses puck.
4:07 of 1st overtime period - Wrist shot by Chad Billins.
4:07 of 1st overtime period - Stopped by John Gibson with a rebound.
4:41 of 1st overtime period - Maxime Macenauer is hit by Corban Knight and loses puck.
Goals for this period are 0 for Bears vs 0 for Crunch.
Shots for this period are 0 for Bears vs 1 for Crunch.

ShootOut


5:00 of 1st overtime period - Penalty Shot by Stefan Matteau for Bears.
5:00 of 1st overtime period - Backhand shot by Stefan Matteau.
5:00 of 1st overtime period - Stopped by John Curry.
5:00 of 1st overtime period - Penalty Shot by Andre Petersson for Crunch.
5:00 of 1st overtime period - Deke by Andre Petersson.
5:00 of 1st overtime period - Shot Misses the Net.
5:00 of 1st overtime period - Penalty Shot by Eric O'Dell for Bears.
5:00 of 1st overtime period - Deke by Eric O'Dell.
5:00 of 1st overtime period - Shot Misses the Net.
5:00 of 1st overtime period - Penalty Shot by Ryan Strome for Crunch.
5:00 of 1st overtime period - Snap shot by Ryan Strome.
5:00 of 1st overtime period - Stopped by John Gibson.
5:00 of 1st overtime period - Penalty Shot by Patrice Cormier for Bears.
5:00 of 1st overtime period - Snap shot by Patrice Cormier.
5:00 of 1st overtime period - Shot Misses the Net.
5:00 of 1st overtime period - Penalty Shot by Eriah Hayes for Crunch.
5:00 of 1st overtime period - Wrist shot by Eriah Hayes.
5:00 of 1st overtime period - Goal by Eriah Hayes.


Output by the SimonT Hockey Simulator (STHS) for Eric Dolegowski -- Original Page W3C XHTML 1.0 Valid
Hockey Simulator - Hockey Simulation - Hockey Manager